 Dungeon Crawl Stone Soup version 0.16.1-11-g651b585 (webtiles) character file.

309 Zappman321 the Slasher (level 6, -1/44 HPs)
             Began as a Mummy Skald on Mar 31, 2015.
             Slain by an orc
             ... wielding a +0 trident
              (3 damage)
             ... on level 4 of the Dungeon.
             The game lasted 00:09:36 (9594 turns).

Zappman321 the Slasher (Mummy Skald)                Turns: 9594, Time: 00:09:36

Health: -1/44      AC:  5    Str: 15    XL:     6   Next: 17%
Magic:  9/13       EV: 11    Int: 13    God:
Gold:   166        SH:  0    Dex: 11    Spells: 3 memorised, 6 levels left

rFire  x . .     SeeInvis .     a - +0 falchion
rCold  + . .     Clarity  .     b - +0 leather armour
rNeg   + + +     SustAb   .     (no shield)
rPois  ∞         Gourm    .     g - +1 helmet
rElec  .         Spirit   .     (no cloak)
rCorr  .         Warding  .     (no gloves)
rMut   .         Stasis   .     (no boots)
MR     .....                    (no amulet)
Stlth  +.........               (no ring)
                                (no ring)

@: not resistant to hostile enchantments, very unstealthy
A: no food or potions, fire vulnerability, restore body, cold resistance 1,
negative energy resistance 3, poison resistance, torment resistance, unbreathing
a: no special abilities


You were on level 4 of the Dungeon.
You were not hungry.

You visited 1 branch of the dungeon, and saw 4 of its levels.

You collected 166 gold pieces.

Inventory:

Hand weapons
 a - a +0 falchion (weapon)
Missiles
 e - 21 sling bullets
 h - 17 poisoned needles
Armour
 b - a +0 leather armour (worn)
 g - a +1 helmet (worn)
Magical devices
 j - a wand of fireball (3)
Scrolls
 f - a scroll of magic mapping
 i - 4 scrolls of identify
 k - a scroll of teleportation
 l - a scroll of amnesia
Books
 c - a book of Battle

   Spells                             Type                      Level
   a - Infusion                       Charms                       1
   b - Shroud of Golubria             Charms/Translocation         2
   c - Song of Slaying                Charms                       2
   d - Spectral Weapon                Hexes/Charms                 3
   e - Regeneration                   Charms/Necromancy            3


   Skills:
 - Level 2.0 Fighting
 * Level 3.7 Long Blades
 + Level 2.0 Armour
 - Level 0.7 Dodging
 + Level 3.4 Spellcasting
 + Level 3.2 Charms


You had 6 spell levels left.
You knew the following spells:

 Your Spells              Type           Power        Failure   Level  Hunger
a - Infusion              Chrm           ##....       10%         1    N/A
b - Song of Slaying       Chrm           ##......     12%         2    N/A
c - Shroud of Golubria    Chrm/Tloc      #.........   24%         2    N/A

Dungeon Overview and Level Annotations

Branches:
Dungeon (4/15)
 Temple: D:4-7

Altars:
Cheibriados
Zin

Annotations:
D:3 Grinder


Innate Abilities, Weirdness & Mutations

You do not eat or drink.
Your flesh is vulnerable to fire.
Your flesh is cold resistant.
You are immune to negative energy.
Your system is resistant to poisons.
You are immune to unholy pain and torment.
You can survive without breathing.


Message History

* * * LOW HITPOINT WARNING * * *
You barely miss the bat. The bat hits you but does no damage.
The orc hits you from afar with a trident.
* * * LOW HITPOINT WARNING * * *
The bat hits you but does no damage. The bat hits you but does no damage.
You hit the bat.
You kill the bat!
The orc hits you from afar with a trident.
* * * LOW HITPOINT WARNING * * *
Your song has ended.
The orc closely misses you.
You see here a bat corpse.
You completely miss the orc. The orc closely misses you.
You closely miss the orc. The orc hits you with a trident!
* * * LOW HITPOINT WARNING * * *
You hit the orc.
The orc is almost dead.
The orc hits you with a trident.
You die...

#........##...# ###
#..........#..# #.†
#[............# #.#
#..........#..######.#
..
#............>.......#
#.######................
... #.###..†#..>.....
#.###.#.#...#........
#.oo@.......#.....†..
#..####....##....####
#...o####......###
#...b..####..###
#.o.o.o..#####
......o..# .###....## .
..### # ###


You could see 2 orcs.

Vanquished Creatures
  An orc priest (D:3)
  An orc wizard (D:3)
  A worker ant (D:4)
  A gnoll (D:1)
  8 adders
  A shadow imp (D:4)
  4 worms
  5 giant geckos
  An ooze (D:3)
  23 orcs
  A giant cockroach (D:1)
  10 goblins
  12 hobgoblins
  A ball python (D:3)
  6 bats
  A giant gecko skeleton (D:4)
  2 giant newts
  2 jackals (D:3)
  14 kobolds
  9 rats
104 creatures vanquished.

Notes
Turn   | Place    | Note
--------------------------------------------------------------
     0 | D:1      | Zappman321, the Mummy Skald, began the quest for the Orb.
     0 | D:1      | Reached XP level 1. HP: 16/16 MP: 3/3
   207 | D:1      | Reached XP level 2. HP: 1/22 MP: 0/4
  3048 | D:1      | Reached XP level 3. HP: 25/27 MP: 1/6
  4537 | D:2      | Reached skill level 1 in Armour
  4593 | D:2      | Learned a level 2 spell: Song of Slaying
  4596 | D:2      | Learned a level 2 spell: Shroud of Golubria
  4770 | D:2      | Found a snail-covered altar of Cheibriados.
  5024 | D:2      | Reached XP level 4. HP: 33/33 MP: 8/8
  5050 | D:2      | HP: 1/33 [hobgoblin (4)]
  7161 | D:2      | Reached skill level 3 in Spellcasting
  7453 | D:2      | Found a glowing silver altar of Zin.
  8172 | D:2      | Reached XP level 5. HP: 34/38 MP: 4/11
  9361 | D:3      | Noticed Grinder
  9431 | D:4      | Reached XP level 6. HP: 41/44 MP: 8/13
  9593 | D:4      | HP: 2/44 [orc/trident (7)]
  9594 | D:4      | Slain by an orc

Action                   |  1- 3 |  4- 6 || total
-------------------------+-------+-------++-------
Melee: Falchion          |   112 |   277 ||   389
 Cast: Infusion          |    16 |    32 ||    48
       Song of Slaying   |       |     5 ||     5
Evoke: Wand              |       |     2 ||     2
  Use: Scroll            |       |     7 ||     7
